cohdb
Replays
Latest Replays
All Replays
Popular Replays
Top Player Replays
Match Explorer
How It Works
Community
CoH3 Stats
Reddit
Sign in to upload your games and track your stats! →
Sign in with Steam
Match 46841541
Unlisted
Match 46841541
Overview
Messages
Build Orders
End
Selects Advanced Infantry Battlegroup
Construct Barracks
Riflemen Squad
M1 Mortar Team
Riflemen Squad
Construct Medical Station
Infantry Support Center
Selects Convert to Ranger Squad
Ranger Squad
POUP
DICE_JM
No communist
BRNOBOLEST
6block
Bueno
elevate
shootinputin
0
0
Comments
sign in to comment!
No comments posted yet!